 Dungeon Crawl Stone Soup version 0.20-a0-1043-gbd57889 (webtiles) character file.

196 zhorgal the Magician (level 5, -4/38 HPs)
             Began as a Gnoll Wizard on Apr 24, 2017.
             Killed by divine providence
             ... invoked by an orc priest
              (12 damage)
             ... on level 4 of the Dungeon.
             The game lasted 00:29:19 (3629 turns).

zhorgal the Magician (Gnoll Wizard)                 Turns: 3629, Time: 00:29:20

Health: -4/38      AC:  3    Str:  6    XL:     5   Next: 75%
Magic:  13/13      EV: 14    Int: 20    God:
Gold:   172        SH:  7    Dex: 15    Spells: 5/15 levels left

rFire    . . .     SeeInvis .   A - +0 flail
rCold    . . .     Gourm    .   q - +2 buckler
rNeg     . . .     Faith    .   a - +0 robe
rPois    .         Spirit   .   b - +0 hat
rElec    .         Reflect  .   j - +0 cloak
rCorr    .         Harm     .   (no gloves)
MR       .....                  (no boots)
Stlth    ++........             (no amulet)
Regen    0.2/turn               k - ring of wizardry
MPRegen  0.2/turn               r - +3 ring of dexterity

@: invisible
A: short attention span, fangs 1, strong nose
a: no special abilities


You were on level 4 of the Dungeon.
You were hungry.

You visited 1 branch of the dungeon, and saw 5 of its levels.

You collected 172 gold pieces.

Inventory:

Hand Weapons
 h - a +0 club
 u - a cursed -2 dagger
 w - a +0 war axe
 A - a +0 flail (weapon)
Missiles
 e - 73 stones (quivered)
 g - 13 poisoned needles
Armour
 a - a +0 robe (worn)
 b - a +0 hat (worn)
 j - a +0 cloak (worn)
 q - a +2 buckler (worn)
 v - a +0 plate armour
 y - a +0 pair of gloves
 B - a +0 chain mail
Jewellery
 k - a ring of wizardry (left hand)
 m - an uncursed amulet of rage {unknown}
 r - a +3 ring of dexterity (right hand)
 s - an uncursed ring of protection from cold {unknown}
Scrolls
 p - a scroll of enchant armour {unknown}
 x - 4 scrolls of identify
Potions
 i - 2 potions of degeneration {unknown}
 l - a potion of haste {unknown}
 o - a potion of mutation {unknown}
 t - 3 potions of heal wounds {unknown}
 C - a potion of brilliance {unknown}
Books
 c - a book of Minor Magic

   Spells                             Type                      Level
   a - Magic Dart                     Conjuration                  1
   b - Blink                          Translocation                2
   c - Call Imp                       Summoning                    2
   d - Slow                           Hexes                        2
   e - Conjure Flame                  Conjuration/Fire             3
   f - Mephitic Cloud                 Conjuration/Poison/Air       3
Comestibles
 d - 4 bread rations
 f - 2 meat rations
 z - 3 fruits


   Skills:
 + Level 1.7 Fighting
 + Level 0.4 Maces & Flails
 + Level 3.6 Dodging
 - Level 3.0 Stealth
 * Level 3.2 Shields
 - Level 5.6 Spellcasting
 * Level 4.0 Conjurations
 - Level 0.4 Hexes
 - Level 2.2 Summonings
 - Level 1.7 Translocations
 - Level 1.7 Air Magic
 - Level 1.7 Poison Magic


You had 5 spell levels left.
You knew the following spells:

 Your Spells              Type           Power        Failure   Level  Hunger
a - Magic Dart            Conj           ###.         1%          1    None
b - Blink                 Tloc           N/A          3%          2    None
c - Call Imp              Summ           ##......     3%          2    None
d - Slow                  Hex            #.......     6%          2    None
e - Mephitic Cloud        Conj/Pois/Air  ###.....     5%          3    ##.....


Dungeon Overview and Level Annotations

Branches:
Dungeon (5/15)
 Temple: D:4-7

Altars:
Dithmenos
Ru
Zin

Shops:
D:4 (

Annotations:
D:3 Natasha


Innate Abilities, Weirdness & Mutations

You have a short attention span.
You have very sharp teeth.
Your uncanny sense of smell can sniff out nearby items.


Message History

You closely miss the orc.
The orc is severely wounded.
The orc hits you with a dagger. The orc hits you but does no damage.
You closely miss the orc.
The orc is severely wounded.
The orc closely misses you.
You hit the orc but do no damage.
The orc is severely wounded.
The orc misses you. You block the orc's attack.
You barely miss the orc.
The orc is severely wounded.
The orc priest invokes the aid of Beogh against you.
Beogh smites you!
* * * LOW HITPOINT WARNING * * *
You block the orc's attack.
You hear a shout! x2
You fade into invisibility!
The orc priest invokes the aid of Beogh against you.
Beogh smites you!
You die...

+..... #.8#
#.o...... #.....
#..# ##.#.###.
#.....###.# #..# #
.
#....[.)..###)#..#
#.............#.##
######.########.#
#...........o....
######.##########
#...@oo# ########


You could see an orc priest and an orc.

Vanquished Creatures
  2 worker ants
  An adder (D:2)
  3 oozes
  3 dart slugs (D:1)
  2 leopard geckos
  2 orcs
  2 ball pythons
  4 giant cockroaches
  8 goblins
  11 hobgoblins
  10 jackals
  A quokka (D:1)
  5 bats
  2 frilled lizards
  6 kobolds
  9 rats
71 creatures vanquished.

Vanquished Creatures (collateral kills)
  A water moccasin skeleton (D:4)
1 creature vanquished.

Grand Total: 72 creatures vanquished

Notes
Turn   | Place    | Note
-------+----------+-------------------------------------------
     0 | D:1      | zhorgal the Gnoll Wizard began the quest for the Orb.
     0 | D:1      | Reached XP level 1. HP: 13/13 MP: 6/6
   151 | D:1      | Reached skill level 5 in Spellcasting
   227 | D:1      | Reached skill level 1 in Fighting
   240 | D:1      | Reached XP level 2. HP: 16/21 MP: 4/8
   263 | D:1      | Learned a level 2 spell: Blink
   266 | D:1      | Learned a level 2 spell: Call Imp
   269 | D:1      | Learned a level 2 spell: Slow
   593 | D:1      | Reached XP level 3. HP: 26/26 MP: 6/9
   821 | D:1      | Learned a level 3 spell: Mephitic Cloud
  1740 | D:2      | Reached skill level 1 in Shields
  1750 | D:1      | Reached XP level 4. HP: 30/32 MP: 0/11
  1785 | D:1      | Reached skill level 1 in Poison Magic
  1994 | D:2      | Reached skill level 1 in Air Magic
  2057 | D:2      | Found a glowing silver altar of Zin.
  2411 | D:3      | Found a shadowy altar of Dithmenos.
  2560 | D:3      | Noticed Natasha
  2832 | D:1      | Reached XP level 5. HP: 17/37 MP: 0/13
  3285 | D:3      | You fall through a shaft for 2 floors!
  3285 | D:5      | Entered Level 5 of the Dungeon
  3320 | D:4      | Found a sacrificial altar of Ru.
  3320 | D:4      | Noticed a steam dragon
  3337 | D:4      | Found Iroq's Antique Weapon Emporium.
  3629 | D:4      | Killed from afar by an orc priest

Vault maps used:
D:1:      lemuel_arrival_muddy
D:2:      overflow_temple_1_default, first_bread
D:3:      grunt_dithmenos_smoke, lemuel_coloured_pillars_altar,
          chequers_ecumenical_altar_simple, minivault_26, uniq_ijyb,
          uniq_natasha
D:4:      old_standard_altar, serial_shops, shop_coins, shop_statue,
          nicolae_shop_behind_doors, kennysheep_mini_moat,
          kennysheep_opposing_triangles, uniq_sigmund

Skill      XL: |  1  2  3  4  5 |
---------------+----------------+-----
Spellcasting   | 5 |  5.6
Fighting       | 1 |  1.7
Stealth        | 3 |  3.0
Summonings     | 2 |  2.2
Conjurations   | 2 3 4 |  4.0
Shields        | 1 2 3 |  3.2
Poison Magic   | 1 |  1.7
Air Magic      | 1 |  1.7
Maces & Flails | |  0.4
Dodging        | |  3.6
Hexes          | |  0.4
Translocations | |  1.7

Action                   |  1- 3 |  4- 6 || total
-------------------------+-------+-------++-------
Melee: Club              |    47 |       ||    47
       Bite              |     3 |     6 ||     9
       Mace              |     7 |    20 ||    27
       Flail             |       |    43 ||    43
       War axe           |       |    11 ||    11
 Cast: Magic Dart        |   101 |    83 ||   184
       Blink             |     2 |     3 ||     5
       Mephitic Cloud    |     2 |     1 ||     3
       Slow              |       |     5 ||     5
       Call Imp          |       |     3 ||     3
  Use: Scroll            |     4 |     2 ||     6
       Potion            |       |     3 ||     3
  Eat: Chunk             |     3 |     5 ||     8
Armor: Robe              |    13 |     6 ||    19
Dodge: Dodged            |    70 |    86 ||   156
Block: Buckler           |    28 |    47 ||    75
